 Dungeon Crawl Stone Soup version 0.31.0-11-ge490571c62 (webtiles) character file.

Game seed: 4734592747373510993

198 ChrisTheSkald the Sneak (level 5, 0/37 HPs)
             Began as a Human Enchanter on Jan 28, 2024.
             Slain by a kobold brigand
             ... wielding a +0 dagger
              (5 damage)
             ... on level 4 of the Dungeon.
             The game lasted 00:06:21 (1057 turns).

ChrisTheSkald the Sneak (Human Enchanter)           Turns: 1057, Time: 00:06:23

Health: 0/37       AC:  2    Str:  8    XL:     5   Next: 76%
Magic:  1/8        EV: 12    Int: 17    God:
Gold:   71         SH:  0    Dex: 14    Spells: 1/8 levels left

rFire   + . .        f - +1 dagger (elec)
rCold   + . .        (no shield)
rNeg    . . .        b - +0 robe
rPois   .            (no helmet)
rElec   .            (no cloak)
rCorr   .            (no gloves)
SInv    .            (no boots)
Will    .....        (no amulet)
Stlth   +++          d - ring of protection from cold
HPRegen 0.26/turn    g - ring of protection from fire
MPRegen 0.11/turn

%: no passive effects
@: invisible
A: explore regen
a: no special abilities


You were on level 4 of the Dungeon.
You visited 1 branch of the dungeon, and saw 4 of its levels.

You collected 71 gold pieces.

Inventory:

Hand Weapons
 a - a +1 dagger of protection
 f - a +1 dagger of electrocution (weapon)
 j - a +0 quarterstaff
Armour
 b - a +0 robe (worn)
Jewellery
 d - a ring of protection from cold (left hand)
 g - a ring of protection from fire (right hand)
Wands
 i - a wand of digging (6)
Scrolls
 e - a scroll of identify
 h - a scroll of immolation
Potions
 c - a potion of invisibility


   Skills:
 * Level 1.1 Fighting
 * Level 1.9 Short Blades
 * Level 0.2 Staves
 * Level 1.2 Armour
 * Level 2.5 Dodging
 * Level 4.2 Stealth
 * Level 2.4 Spellcasting
 * Level 3.5 Hexes
 * Level 1.1 Summonings
 * Level 1.0 Ice Magic
 * Level 0.3 Evocations


You had one spell level left.
You knew the following spells:

 Your Spells              Type           Power      Damage    Failure   Level
a - Ensorcelled Hibernat  Hex/Ice        18%        N/A       11%         2
b - Call Imp              Summ           10%        N/A       17%         2
c - Tukima's Dance        Hex            14%        N/A       13%         3

Your spell library contained the following spells:

 Spells                   Type           Power      Damage    Failure   Level
 Magic Dart               Conj           8%         1d3       19%         1
 Confusing Touch          Hex            14%        N/A       13%         3
 Dazzling Flash           Conj/Hex       16%        N/A       26%         3
 Blink                    Tloc           4%         N/A       28%         2


Dungeon Overview and Level Annotations

Branches:
Dungeon (4/15)
 Temple: D:4-7

Altars:

Annotations:
D:3 Robin


Innate Abilities, Weirdness & Mutations

You regain HP and MP as you explore.


Message History

The poisoned dart hits your cerulean imp!
Your cerulean imp hits the kobold brigand but does no damage.
You feel sick.
Your cerulean imp barely misses the kobold brigand.
You feel sick.
You are no longer poisoned.
The kobold brigand hits your cerulean imp with a +0 dagger!
Your cerulean imp misses the kobold brigand.
The kobold brigand barely misses you.
Your cerulean imp hits the kobold brigand with a -4 spear.
You barely miss the kobold brigand.
The kobold brigand is lightly wounded.
The kobold brigand hits you with a +0 dagger!
* * * LOW HITPOINT WARNING * * *
Your cerulean imp barely misses the kobold brigand.
Unknown command.
Okay, then.
Your cerulean imp hits the kobold brigand with a -4 spear.
You hit the kobold brigand but do no damage.
The kobold brigand is moderately wounded.
The kobold brigand barely misses you.
Your cerulean imp closely misses the kobold brigand.
You hit the kobold brigand but do no damage.
The kobold brigand is moderately wounded.
The kobold brigand barely misses you.
You hit the kobold brigand.
The kobold brigand is moderately wounded.
Your cerulean imp hits the kobold brigand but does no damage.
The kobold brigand hits you with a +0 dagger.
* * * LOW HITPOINT WARNING * * *
Unknown command.
Casting: Call Imp (safe; 17% risk of failure)
Confirm with . or Enter, or press ? or * to list all spells.
Aiming: Ensorcelled Hibernation (safe; 11% risk of failure)
Press: ? - help, Shift-Dir - straight line, f/p - kobold brigand
Aim: a kobold brigand, wielding a +0 dagger and quivering poisoned darts (moderately wounded, unable to see you, ally target, chance to affect: 43%)
The kobold brigand resists with some effort.
Your cerulean imp misses the kobold brigand.
The kobold brigand hits you with a +0 dagger.
You die...

#..# #..........# ... ..<#
#.........###.# ##.#
######.....#..# ##.#
###...#...#
##.########........#######
.......†..................
##.###.####...<....#######
##.###.####.....#..#
##.##.#.........@..#
.....###........K..#
##.##.#........5...#
...###.####....##.## ####
#.# #....##.####### #.#
#..........K...
#.##########.#######
#......†.....#
##############


You could see a kobold brigand (unable to see you, ally target) and a friendly
cerulean imp (summoned).

Vanquished Creatures
  A scorpion (D:4)
  A bombardier beetle (D:3)
  A hound (D:4)
  An orc priest (D:4)
  2 adders
  A dart slug (D:2)
  A ribbon worm (D:4)
  An orc (D:4)
  2 ball pythons
  A bat (D:1)
  3 endoplasms
  2 giant cockroaches
  3 goblins
  A hobgoblin (D:2)
  3 kobolds
  2 rats
26 creatures vanquished.

Vanquished Creatures (collateral kills)
  An orc (D:4)
1 creature vanquished.

Grand Total: 27 creatures vanquished

Notes
Turn   | Place    | Note
-------+----------+-------------------------------------------
     0 | D:1      | ChrisTheSkald the Human Enchanter began the quest for the
                  | Orb.
     0 | D:1      | Reached XP level 1. HP: 13/13 MP: 3/3
    81 | D:1      | Reached XP level 2. HP: 19/19 MP: 5/5
    84 | D:1      | Learned a level 2 spell: Ensorcelled Hibernation
    94 | D:1      | Learned a level 2 spell: Call Imp
   392 | D:2      | Found a faded altar of an unknown god.
   430 | D:2      | Reached XP level 3. HP: 22/25 MP: 6/6
   470 | D:3      | Noticed Robin
   610 | D:3      | Reached XP level 4. HP: 17/31 MP: 1/7
   671 | D:3      | Learned a level 3 spell: Tukima's Dance
   839 | D:4      | Reached skill level 1 in Armour
   932 | D:4      | Reached skill level 1 in Fighting
   932 | D:4      | Reached skill level 4 in Stealth
   932 | D:4      | Reached skill level 1 in Summonings
   932 | D:4      | Reached XP level 5. HP: 27/37 MP: 8/8
  1028 | D:4      | Reached skill level 1 in Ice Magic
  1034 | D:4      | Noticed a kobold brigand
  1057 | D:4      | Slain by a kobold brigand

Illustrated notes

Levels and vault maps discovered:
D:1:      dpeg_arrival_simpleton_b, layout_rooms, serial_shops,
          nicolae_shop_pleasant_corner_grove
D:2:      layout_basic, basic_ecumenical_altar, hangedman_decor_points
D:3:      layout_basic, kennysheep_decorative_pillar, bh_walls_and_bars,
          uniq_ijyb, uniq_robin, uniq_terence
D:4:      minmay_chambers_of_threes, layout_loops_ring

Skill      XL: |  1  2  3  4  5 |
---------------+----------------+-----
Armour         | 1 |  1.2
Fighting       | 1 |  1.1
Stealth        | 4 |  4.2
Summonings     | 1 |  1.1
Ice Magic      | 1 |  1.0
Short Blades   | |  1.9
Staves         | |  0.2
Dodging        | |  2.5
Spellcasting   | |  2.4
Hexes          | |  3.5
Evocations     | |  0.3

Action                     |  1- 3 |  4- 6 || total
---------------------------+-------+-------++-------
  Melee: Dagger            |    47 |    43 ||    90
         Punch             |       |     1 ||     1
   Cast: Ensorcelled Hiber |     7 |     3 ||    10
         Call Imp          |       |     5 ||     5
    Use: Scroll            |     4 |     1 ||     5
         Potion            |     2 |     1 ||     3
   Stab: Sleeping          |     8 |     1 ||     9
         Distracted        |       |     1 ||     1
 Armour: Robe              |    19 |    29 ||    48
  Dodge: Dodged            |    35 |    25 ||    60
